 Dungeon Crawl Stone Soup version 0.32-a0-995-gb4a5920 (webtiles) character file.

Game seed: 11419393227979276989

10685 cnlflgl the Gouger (level 11, -18/60 HPs)
             Began as a Felid Berserker on Apr 22, 2024.
             Was a High Priest of Trog.
             Demolished by Urug
             ... wielding a +3 double sword
              (37 damage)
             ... on level 10 of the Dungeon.
             The game lasted 00:31:04 (10662 turns).

cnlflgl the Gouger (Felid Berserker)               Turns: 10662, Time: 00:31:05

Health: -18/60     AC:  2    Str: 13    XL:     11   Next: 39%
Magic:  12/12      EV: 30    Int: 10    God:    Trog [*****.]
Gold:   274        SH:  0    Dex: 21    Spells: 10/10 levels left
                                        Lives:  0   Deaths: 3

rFire   . .          .
                       - Unarmed
rCold   . . .        (shield unavailable)
rNeg    . . .        (body armour unavailable)
rPois   +            (helmet unavailable)
rElec   .            (cloak unavailable)
rCorr   .            (gloves unavailable)
SInv    +            (boots unavailable)
Will    +....        (no amulet)
Stlth   ++++         l - +5 ring of evasion
HPRegen 0.30/turn    D - ring of poison resistance
MPRegen 0.13/turn

%: no passive effects
@: on berserk cooldown, slowed, very slow
A: very small, claws 1, fangs 3, see invisible, shaggy fur 2, stealthy paws, no
weapons or thrown items, no armour, multi-lived
a: Renounce Religion, Berserk, Trog's Hand, Brothers in Arms


You were on level 10 of the Dungeon.
You worshipped Trog.
Trog was extremely pleased with you.
You visited 1 branch of the dungeon, and saw 10 of its levels.
You also visited: Ossuary.

You collected 544 gold pieces.
You spent 270 gold pieces at shops.

Inventory:

Jewellery
 l - a +5 ring of evasion (left paw)
 z - a ring of wizardry
 D - a ring of poison resistance (right paw)
 F - a ring of protection from cold
Wands
 k - a wand of mindburst (7)
 n - a wand of acid (6)
Scrolls
 a - a scroll of amnesia {unknown}
 b - 4 scrolls of revelation {unknown}
 c - 4 scrolls of teleportation {unknown}
 d - 4 scrolls of enchant weapon {unknown}
 f - a scroll of torment {unknown}
 h - 2 scrolls of blinking {unknown}
 m - 8 scrolls of identify {unknown}
 o - 3 scrolls of fear {unknown}
 q - a scroll of immolation {unknown}
 t - 2 scrolls of enchant armour {unknown}
 y - a scroll of butterflies {unknown}
 B - a scroll of fog {unknown}
Potions
 e - 10 potions of curing
 g - 3 potions of attraction
 i - 5 potions of lignification
 j - 2 potions of magic {unknown}
 p - 2 potions of haste {unknown}
 r - 4 potions of mutation {unknown}
 s - 2 potions of ambrosia {unknown}
 u - 2 potions of brilliance {unknown}
 v - 2 potions of resistance
 w - a potion of berserk rage {unknown}
 x - 2 potions of degeneration {unknown}
 A - 3 potions of heal wounds
 E - a potion of might
 G - 2 potions of enlightenment {unknown}
Miscellaneous
 C - a phial of floods


   Skills:
 * Level 8.1 Fighting
 + Level 10.2 Dodging
 + Level 8.6 Stealth
 + Level 13.1 Unarmed Combat
 - Level 5.0 Evocations


You had 10 spell levels left.
You didn't know any spells.
Your spell library contained the following spells:

 Spells                   Type           Power      Damage    Failure   Level
 Apportation              Tloc           0%         N/A       36%         1
 Foxfire                  Conj/Fire      0%         2x1d4     36%         1
 Freeze                   Ice            0%         1d3       36%         1
 Kiss of Death            Conj/Necr      0%         2d5       36%         1
 Shock                    Conj/Air       0%         1d3       36%         1
 Summon Small Mammal      Summ           0%         N/A       36%         1
 Blink                    Tloc           0%         N/A       50%         2
 Cigotuvi's Dreadful Rot  Necr/Alch/Air  0%         N/A       50%         2
 Jinxbite                 Hex            0%         N/A       50%         2
 Lesser Beckoning         Tloc           0%         N/A       50%         2
 Momentum Strike          Conj/Tloc      0%         3d8       50%         2
 Call Canine Familiar     Summ           0%         N/A       75%         3
 Confusing Touch          Hex            0%         N/A       75%         3
 Frozen Ramparts          Ice            0%         1d1       75%         3
 Hailstorm                Conj/Ice       0%         3d5       75%         3
 Swiftness                Air            0%         N/A       75%         3
 Volatile Blastmotes      Fire/Tloc      0%         2d10      75%         3
 Airstrike                Air            0%         2d(0-16)  98%         4
 Dispel Undead            Necr           0%         3d6       98%         4
 Fulminant Prism          Conj/Alch      0%         3d5       98%         4
 Ignite Poison            Fire/Alch      0%         N/A       98%         4
 Iskenderun's Mystic Bla Conj/Tloc 0%             2d3        (+2d1     98%         4
 Summon Blazeheart Golem  Fire/Summ      0%         N/A       98%         4
 Vhi's Electric Charge    Tloc/Air       0%         N/A       98%         4
 Alistair's Intoxication  Alch           0%         N/A       100%        5
 Freezing Cloud           Conj/Ice/Air   0%         6-21      100%        5
 Bombard                  Conj/Erth      0%         9d1       100%        6
 Gell's Gavotte           Tloc           0%         2d(11-16) 100%        6
 Plasma Beam              Fire/Air       0%         2x1d10    100%        6
 Starburst                Conj/Fire      0%         6d3       100%        6


Dungeon Overview and Level Annotations

Branches:
Dungeon (10/15)            Temple (0/1) D:7            Lair (0/5) D:8
    Orc (0/2) D:10        Ossuary (visited)

Altars:
Cheibriados
Dithmenos
Fedhas
Hepliaklqana
Qazlal
Sif Muna
Vehumet
Wu Jian
Xom
The Shining One

Shops:
D:2 !   D:9 !

Annotations:
D:5 2 runed translucent doors, onfire's ghost, novice GnFi
D:8 2 transporters
D:10 Urug


Innate Abilities, Weirdness & Mutations

You have sharp claws.
You have razor-sharp teeth.
You have supernaturally acute eyesight. (SInv)
You are covered in thick fur. (AC +2)
Your paws help you pounce on unaware monsters.
You are incapable of wielding weapons or throwing items.
You cannot wear armour.
You gain extra lives every three experience levels.


Message History

Unknown command.
No target in view!
Snorg bites you!! Snorg closely misses you. Snorg claws you.
A red film seems to cover your vision as you go berserk!
You feel yourself moving faster!
You feel mighty! Snorg misses you. x2
Snorg claws you but does no damage. Snorg completely misses you. x2
Snorg claws you!!
* * * LOW HITPOINT WARNING * * *
You closely miss Snorg.
Snorg is almost dead.
Urug throws a silver javelin.
The silver javelin closely misses you.
Snorg completely misses you. x2; Snorg closely misses you.
You scratch Snorg.
Snorg is almost dead.
You mangle Snorg!!
You kill Snorg!
Trog accepts your kill.
Urug throws a silver javelin.
The silver javelin barely misses you.
Your Unarmed Combat skill increases to level 13!
You are too berserk!
You feel a strong urge to attack something.
Urug throws a silver javelin.
The silver javelin completely misses you.
You barely miss Urug. Urug misses you.
You mangle Urug!! You claw Urug.
Urug is moderately wounded.
You barely miss Urug.
Urug is moderately wounded.
Urug closely misses you.
You scratch Urug but do no damage.
Urug is moderately wounded.
You are no longer berserk.
You are exhausted.
You feel yourself slow down.
You barely miss Urug. You bite Urug.
Urug is moderately wounded.
Urug hits you with a +3 double sword!!!
Ouch! That really hurt!
You die...
Urug says, "One more harpy dead."

#...... ######## #......#..
#...... #......###.####.#..
#......###+#....<##.# #.....
#†.....##.)##.###..#..
#......#........#..#.#
#....).#......#.#..#.#
#......#..#...#>#..#.#
###......#..#.#.#.#..#.#
.......@.#..#.#.#.#....#
###....o.#..#.#.#.##.###
###...####.#..#.#.#.......
####.....####.#..#.#.#####.#.
#.....ß.....#.####.#.......#.
##...........#......#..######.
###...............#####..## #.
#...ß....>....ß..## #....# #.
#)#..........|..## #..### #.


You could see Urug.

Vanquished Creatures
  Snorg (D:10)
  Erolcha (D:9)
  3 two-headed ogres
  A centaur warrior (D:8)
  A kobold demonologist (D:9)
  A troll (D:8)
  A hornet (D:9)
  3 shadows
  Sigmund (D:2)
  2 wyverns (D:8)
  Grum (D:8)
  A vampire mosquito (D:8)
  Menkaure (D:4)
  An acid dragon (D:9)
  3 water moccasins
  A sky beast (D:8)
  2 ice beasts
  4 orc warriors
  3 black bears
  3 wolves (D:8)
  5 centaurs
  An ogre (D:6)
  2 kobold brigands
  A gnoll sergeant (D:7)
  4 bullfrogs
  3 scorpions
  9 wights
  14 killer bees
  4 howler monkeys
  A gnoll bouda (D:6)
  3 hounds (D:6)
  3 jellies
  2 spectral scorpions (Ossuary)
  A centaur skeleton (Ossuary)
  5 iguanas
  Ijyb (D:3)
  5 orc wizards
  A crocodile zombie (Ossuary)
  An ogre skeleton (Ossuary)
  10 mummies
  12 gnolls
  10 adders
  2 shadow imps
  2 white imps
  An ufetubus (D:7)
  2 dart slugs
  5 ribbon worms
  39 orcs
  8 ball pythons
  8 endoplasms
  7 giant cockroaches
  12 goblins
  5 hobgoblins
  6 jackals
  13 kobolds
  4 quokkas
  6 bats
  A frilled lizard (D:1)
  A gnoll skeleton (Ossuary)
  A kobold skeleton (Ossuary)
  4 orc skeletons (Ossuary)
  3 rats
  10 spectral rats (Ossuary)
273 creatures vanquished.

Notes
Turn   | Place    | Note
-------+----------+-------------------------------------------
     0 | D:1      | cnlflgl the Felid Berserker began the quest for the Orb.
     0 | D:1      | Reached XP level 1. HP: 12/12 MP: 2/2
   239 | D:1      | Reached XP level 2. HP: 14/16 MP: 3/3
   914 | D:2      | Reached XP level 3. HP: 14/20 MP: 4/4
   965 | D:2      | Found a blossoming altar of Fedhas.
  1256 | D:2      | Noticed Sigmund
  1315 | D:2      | Found Unyupo Suvyr's Distillery.
  1323 | D:2      | Bought a potion of lignification for 39 gold pieces
  1323 | D:2      | Bought a potion of attraction for 39 gold pieces
  1483 | D:2      | Reached ** piety under Trog
  2139 | D:2      | Killed Sigmund
  2140 | D:2      | Reached skill level 5 in Dodging
  2140 | D:2      | Reached skill level 1 in Stealth
  2140 | D:2      | Reached skill level 5 in Unarmed Combat
  2140 | D:2      | Reached XP level 4. HP: 15/25 MP: 5/5
  2140 | D:2      | Gained a life (2 lives remaining)
  2140 | D:2      | Reached XP level 5. HP: 17/29 MP: 6/6
  2575 | D:3      | Gained mutation: You are covered in thick fur. (AC +2)
                  | [Felid growth]
  2575 | D:3      | Reached XP level 6. HP: 31/33 MP: 7/7
  2858 | D:3      | Noticed Ijyb
  2866 | D:3      | Killed Ijyb
  3000 | D:3      | Found an ornate altar of the Wu Jian Council.
  3001 | D:3      | Found a shimmering blue altar of Sif Muna.
  3002 | D:3      | Found a radiant altar of Vehumet.
  3003 | D:3      | Found a shadowy altar of Dithmenos.
  3250 | D:4      | Noticed Menkaure
  3273 | D:4      | Killed Menkaure
  3974 | D:5      | Entered Level 5 of the Dungeon
  4100 | D:5      | Reached *** piety under Trog
  4101 | D:5      | Reached skill level 6 in Unarmed Combat
  4158 | D:5      | Reached XP level 7. HP: 29/37 MP: 8/8
  4328 | D:5      | Found a hazy altar of Hepliaklqana.
  4343 | D:5      | Found a stormy altar of Qazlal.
  4459 | D:5      | Found a large runed translucent door.
  4460 | D:5      | Found a large runed translucent door.
  4473 | D:5      | Noticed onfire's ghost (novice GnFi)
  4723 | D:6      | Reached skill level 7 in Unarmed Combat
  4745 | D:6      | Reached skill level 1 in Evocations
  4831 | D:6      | Found a sand-covered staircase.
  4866 | Ossuary  | Entered an ossuary
  4915 | Ossuary  | Reached XP level 8. HP: 40/42 MP: 9/9
  4966 | Ossuary  | Reached **** piety under Trog
  5039 | Ossuary  | Reached skill level 5 in Stealth
  5204 | Ossuary  | Reached skill level 8 in Unarmed Combat
  5457 | D:6      | Found a glowing golden altar of the Shining One.
  5787 | D:6      | Reached skill level 5 in Fighting
  6401 | D:7      | Found a staircase to the Ecumenical Temple.
  6431 | D:7      | Reached skill level 9 in Unarmed Combat
  6431 | D:7      | Reached XP level 9. HP: 44/47 MP: 10/10
  6878 | D:7      | Found a shimmering altar of Xom.
  7542 | D:7      | Reached skill level 10 in Unarmed Combat
  7732 | D:8      | Noticed Grum
  7736 | D:8      | HP: 1/48 [wyvern (7)]
  7737 | D:8      | Mangled by a wyvern
  7737 | D:8      | Lost a life (1 life remaining)
  7738 | D:8      | Found a transporter.
  7792 | D:8      | Found a snail-covered altar of Cheibriados.
  7842 | D:8      | Reached ***** piety under Trog
  7843 | D:8      | Reached XP level 10. HP: 20/52 MP: 11/11
  7843 | D:8      | Gained a life (2 lives remaining)
  8043 | D:8      | Noticed a two-headed ogre
  8056 | D:8      | Killed a two-headed ogre
  8057 | D:8      | Reached skill level 11 in Unarmed Combat
  8057 | D:8      | Reached skill level 5 in Evocations
  8127 | D:8      | Killed Grum
  8205 | D:8      | Identified the staff of Yhegres {rElec Earth}
  8205 | D:8      | Noticed a centaur warrior
  8228 | D:8      | Identified the +4 dagger of Nolo Contendere {flame, rCorr
                  | Dex+2}
  8235 | D:8      | Killed a centaur warrior
  8254 | D:8      | HP: 4/82 [orc/the +4 dagger of Nolo Contendere {flame,
                  | rCorr Dex+2} (1)]
  8496 | D:8      | Noticed a two-headed ogre
  8504 | D:8      | Killed a two-headed ogre
  8505 | D:8      | Reached skill level 12 in Unarmed Combat
  8646 | D:8      | Found a transporter.
  8851 | D:8      | Got the Codex of Mutated Assaults
  8910 | D:8      | Found a staircase to the Lair.
  9171 | D:9      | Noticed Erolcha
  9176 | D:9      | Killed Erolcha
  9250 | D:9      | Reached XP level 11. HP: 58/58 MP: 12/12
  9751 | D:9      | Found Efevot's Distillery.
  9776 | D:9      | Bought a potion of curing for 48 gold pieces
  9776 | D:9      | Bought a potion of heal wounds for 80 gold pieces
  9776 | D:9      | Bought a potion of might for 64 gold pieces
 10188 | D:10     | Entered Level 10 of the Dungeon
 10320 | D:10     | Noticed Urug
 10334 | D:10     | Mangled by Urug
 10334 | D:10     | Lost a life (1 life remaining)
 10439 | D:10     | Found a staircase to the Orcish Mines.
 10459 | D:10     | Reached skill level 10 in Dodging
 10510 | D:10     | Identified the staff "Taepsu" {rElec Int+3 Stlth+ Air}
 10528 | D:10     | Noticed a two-headed ogre
 10588 | D:10     | Killed a two-headed ogre
 10633 | D:10     | Noticed Snorg
 10647 | D:10     | Slain by Snorg
 10647 | D:10     | Lost a life (0 lives remaining)
 10654 | D:10     | Killed Snorg
 10655 | D:10     | Reached skill level 13 in Unarmed Combat
 10662 | D:10     | Demolished by Urug

Illustrated notes

Levels and vault maps discovered:
D:1:      dpeg_arrival_simpleton_b, layout_loops_ring, dreamdust_wishing_well
D:2:      layout_basic, basic_altar, serial_shops,
          nicolae_shop_getting_attention, minmay_misc_feat_five, uniq_sigmund
D:3:      kennysheep_big_flooded_room, layout_basic,
          mainiacjoe_overflow_alcove_3, uniq_ijyb
D:4:      layout_basic, minmay_misc_feat_roman, uniq_menkaure
D:5:      layout_basic, mainiacjoe_overflow_big_doors,
          ebering_ghost_disaster_area
D:6:      layout_layer_cave, mainiacjoe_overflow_alcove_1,
          gup_ossuary_entry_pyramid, kennysheep_generic_room_2
D:7:      layout_rooms, tgw_xom, minmay_temple_entry_enclosed_plants
D:8:      gammafunk_wand_slinger, layout_basic, cheibriados_altar_1,
          lair_entry_dummy, minmay_the_grid_2x2 [minmay_the_grid_gridbox,
          minmay_the_grid_outer_diamond, minmay_the_grid_doors,
          minmay_the_grid_prize_four_corners_diamond_a], uniq_grum
D:9:      layout_long_grid, serial_shops, shop, uniq_erolcha
D:10:     layout_basic, david_orc_2, serial_shops, nicolae_shop_rolled_up,
          uniq_snorg, uniq_urug

Skill      XL: |  1  2  3  4  5  6  7  8  9 10 11 |
---------------+----------------------------------+-----
Dodging        | 5 6 7 9 10 | 10.2
Stealth        | 1 2 3 4 6 7 8 |  8.6
Unarmed Combat | 5 6 7 9 10 12 13 | 13.1
Fighting       | 4 5 6 7 8 |  8.1
Evocations     | 1 3 4 5 |  5.0

Action                     |  1- 3 |  4- 6 |  7- 9 | 10-12 || total
---------------------------+-------+-------+-------+-------++-------
  Melee: Unarmed           |   119 |   121 |   360 |   207 ||   807
         Bite              |    14 |    13 |    45 |    13 ||    85
         Punch             |     1 |     2 |    21 |    13 ||    37
 Invoke: Berserk           |     1 |     3 |     5 |     8 ||    17
         Trog's Hand       |       |       |     1 |       ||     1
  Evoke: Wand              |       |       |     7 |    15 ||    22
    Use: Potion            |       |       |     1 |     1 ||     2
   Stab: Sleeping          |     1 |    11 |    11 |     8 ||    31
         Distracted        |       |       |     1 |       ||     1
 Armour: Skin              |    29 |    26 |    76 |    76 ||   207
  Dodge: Dodged            |    74 |    92 |   276 |   229 ||   671

Table legend: (Time is in decaauts)
 A = Elapsed time spent in this place.
 B = Non-inter-level travel time spent in this place.
 C = Inter-level travel time spent in this place.
 D = Time resting spent in this place.
 E = Time spent auto-exploring this place.
 F = Levels seen in this place.
 G = Mean time per level.
                   A        B        C        D        E       F      G
               +--------+--------+--------+--------+--------+-----+--------+
         Total |  10650 |  10390 |    260 |   2058 |   5581 |  11 |  968.2 |
       Dungeon |  10270 |  10010 |    260 |   2019 |   5581 |  10 | 1027.0 |
       Ossuary |    380 |    380 |      0 |     39 |      0 |   1 |  380.0 |
               +--------+--------+--------+--------+--------+-----+--------+

Top non-repeatable levels by time:
     D:8: 1560 daAuts
     D:7: 1457 daAuts
     D:2: 1398 daAuts
     D:6: 1271 daAuts
     D:3: 1021 daAuts
     D:1: 902 daAuts
     D:9: 765 daAuts
     D:5: 725 daAuts
     D:4: 708 daAuts
    D:10: 457 daAuts
 Ossuary: 380 daAuts
